[Event "FICS Team League T30"] 
[Site "FICS, San Jose, California USA"] 
[Date "2006.04.12"] 
[Time "13:02:27"] 
[Round "1"] 
[White "gracey"] 
[Black "Superselector"] 
[WhiteElo "2085"] 
[BlackElo "2023"] 
[TimeControl "2700+45"] 
[Mode "ICS"] 
[Result "1/2-1/2"] 

1. d4 d5 2. Nf3 Nf6 3. c4 e6 4. Nc3 Nbd7 5. Bg5 c6 6. e3 Bb4 7. cxd5 exd5 
8. Qc2 O-O 9. Bd3 Be7 10. O-O Re8 11. Bf4 Nf8 12. Ne2 Ng6 13. Bg3 Nh5 14. Be5 
Bg4 15. Ne1 c5 16. h3 Bxe2 17. Bxe2 Nf6 18. Bxf6 Bxf6 19. Qxc5 b6 20. Qa3 
Bxd4 21. Bb5 Bc5 22. b4 Bd6 23. Bxe8 Qxe8 24. Rc1 Ne5 25. Nc2 a5 26. Rfd1 
Nc4 27. Qd3 Nb2 28. Qxd5 Nxd1 29. Rxd1 Rd8 30. Kh1 
{Game drawn by mutual agreement} 1/2-1/2

[Event "FICS Team League T30"] 
[Site "FICS, San Jose, California USA"] 
[Date "2006.04.12"] 
[Time "11:35:48"] 
[Round "1"] 
[White "deionsandersson"] 
[Black "shamrockshire"] 
[WhiteElo "1896"] 
[BlackElo "1979"] 
[TimeControl "2700+45"] 
[Mode "ICS"] 
[Result "1-0"] 

1. e4 e5 2. Nf3 Nc6 3. Bc4 Nf6 4. Ng5 d5 5. exd5 Na5 6. Bb5+ c6 7. dxc6 
bxc6 8. Be2 h6 9. Nh3 Bc5 10. O-O O-O 11. d3 Nb7 12. Nc3 Bf5 13. Kh1 Qd7 
14. Bf3 Bxh3 15. gxh3 Qxh3 16. Bg2 Qh4 17. f3 Bf2 18. Ne4 Nxe4 19. fxe4 
Bg3 20. h3 Nd6 21. Qg4 Rab8 22. b3 f5 23. exf5 Rb4 24. Qxh4 Rxh4 25. Bxc6 
Nxf5 26. Bd5+ Kh8 27. Be4 Rxh3+ 28. Kg1 Rh5 29. Rf3 Rf6 30. Bxf5 Bh2+ 31. Kg2 
Rhxf5 32. Rxf5 Rxf5 33. Kxh2 Rf2+ 34. Kg3 Rxc2 35. Be3 Rc3 36. Rd1 e4 37. Kf4 
exd3 38. Ke4 Rc2 39. Rd2 Rc7 40. Rxd3 Kh7 41. Bf4 Rf7 42. Rc3 Re7+ 43. Be5 
Re6 44. Rc7 Rg6 45. Rxa7 h5 46. Rxg7+ Rxg7 47. Bxg7 Kxg7 48. Kf5 
{Black resigns} 1-0

[Event "FICS Team League T30"] 
[Site "FICS, San Jose, California USA"] 
[Date "2006.04.12"] 
[Time "18:04:35"] 
[Round "1"] 
[White "dzonson"] 
[Black "maeck"] 
[WhiteElo "1878"] 
[BlackElo "1975"] 
[TimeControl "2700+45"] 
[Mode "ICS"] 
[Result "0-1"] 

1. d4 Nf6 2. Nf3 e6 3. c4 Nc6 4. Nc3 Bb4 5. Qc2 d6 6. Bg5 h6 7. Bh4 g5 8. Bg3 g4 9. d5 exd5 10. cxd5 Nxd5 11. Bh4 Qd7 12. e4 Nf4 13. Bf6 Rg8 14. Nd4 Rg6 15. Nxc6 bxc6 16. Bd4 a5 17. g3 Ne6 18. Be3 Ng5 19. Bxg5 Rxg5 20. h4 Re5 21. Bg2 Ba6 22. a3 Bxc3+ 23. Qxc3 Qe6 24. Qxc6+ Ke7 25. Qxa8 Qc4 26. Qxa6 Qxa6 27. Rc1 c5 28. Rc2 Qd3 29. Rd2 Qc4 30. Kd1 a4 31. Re1 Qb3+ 32. Kc1 Qb7 33. Re3 h5 34. Red3 Qc6 35. Re3 c4 36. Rc2 f5 37. f4 gxf3 38. Bxf3 fxe4 39. Bg2 d5 40. Rce2 Qh6 41. Kc2 Re6 42. Bh3 Rb6 43. Bg2 Qg7 44. Rc3 Kd6 45. Kd1 Rxb2 46. Rxb2 Qxc3 47. Ra2 Kc5 48. g4 Qb3+ 49. Rc2 d4 50. Bxe4 d3 51. Bxd3 Qxd3+ 52. Kc1 Qxa3+ 53. Kb1 Qb3+ 54. Kc1 Qe3+ 55. Kb2 hxg4 56. h5 g3 57. Rg2 Qf2+ 58. Rxf2 gxf2 59. h6 f1=Q 60. h7 Qh3 
{White resigns} 0-1

[Event "FICS Team League T30"] 
[Site "FICS, San Jose, California USA"] 
[Date "2006.04.12"] 
[Time "18:06:05"] 
[Round "1"] 
[White "MattBinMi"] 
[Black "TryAnything"] 
[WhiteElo "1623"] 
[BlackElo "1639"] 
[TimeControl "2700+45"] 
[Mode "ICS"] 
[Result "1/2-1/2"] 

1. e4 e5 2. f4 exf4 3. Bc4 Qh4+ 4. Kf1 Nc6 5. Nf3 Qf6 6. d4 d6 7. Nc3 Bg4 8. Nd5 Qd8 9. Bxf4 Nf6 10. Bg5 Be7 11. Nxe7 Qxe7 12. Qd3 O-O-O 13. Re1 h6 14. Bd2 Rhe8 15. b4 Nxe4 16. b5 Nxd2+ 17. Qxd2 Qf6 18. bxc6 Bxf3 19. cxb7+ 
Bxb7+ 20. Qf2 Rxe1+ 21. Kxe1 Re8+ 22. Kf1 Qxf2+ 23. Kxf2 f6 24. d5 Re5 25. Rd1 
Kd8 26. Bb3 Ke7 27. c4 c6 28. Kf3 c5 29. Rb1 Ba6 30. a3 
{Game drawn by mutual agreement} 1/2-1/2

[Event "FICS Team League T30"] 
[Site "FICS, San Jose, California USA"] 
[Date "2006.04.12"] 
[Time "21:18:02"] 
[Round "1"] 
[White "ahorse"] 
[Black "SCUGrad"] 
[WhiteElo "1476"] 
[BlackElo "1402"] 
[TimeControl "2700+45"] 
[Mode "ICS"] 
[Result "1-0"] 

1. e4 e5 2. Bc4 Nf6 3. d3 Nc6 4. f4 d6 5. Nf3 Bg4 6. O-O Na5 7. fxe5 dxe5 
8. Bxf7+ Kxf7 9. Nxe5+ Ke8 10. Nxg4 Be7 11. Nxf6+ gxf6 12. Qh5+ Kd7 13. Qxa5 
Rg8 14. Qd5+ Kc8 15. Qe6+ Kb8 16. Bf4 Bc5+ 17. Kh1 a6 18. Nc3 Ka7 19. Nd5 
Rg6 20. Bxc7 Qf8 21. b4 Bd4 22. c3 Be5 23. Qb6# 
{Black checkmated} 1-0

[Event "FICS Team League T30"] 
[Site "FICS, San Jose, California USA"] 
[Date "2006.04.12"] 
[Time "21:03:25"] 
[Round "1"] 
[White "MStav"] 
[Black "phorku"] 
[WhiteElo "1761"] 
[BlackElo "1575"] 
[TimeControl "2700+45"] 
[Mode "ICS"] 
[Result "1-0"] 

1. Nf3 d5 2. b3 Nc6 3. e3 Bg4 4. Bb2 Nf6 5. Be2 e6 6. O-O Bxf3 7. Bxf3 Ne5 
8. Bxe5 Qd7 9. d3 Be7 10. Nd2 O-O 11. c4 Rad8 12. cxd5 Nxd5 13. d4 f6 14. Bg3 
c5 15. dxc5 Nc3 16. Qc2 Qxd2 17. Qxd2 Rxd2 18. Rfc1 Ne2+ 19. Bxe2 Rxe2 20. Kf1 
Rd2 21. Rd1 Rfd8 22. Ke1 Rxd1+ 23. Rxd1 Rxd1+ 24. Kxd1 Bxc5 25. Kc2 e5 26. e4 
g5 27. a4 Bb4 28. Kd3 Kf7 29. Kc4 a5 30. Kd5 Ke7 31. f3 Kd7 32. Bf2 h5 33. h3 
Ke7 34. Bb6 Kd7 35. g4 hxg4 36. hxg4 Ke7 37. Kc4 Kd6 38. Kb5 Kd7 39. Bxa5 
Bxa5 40. Kxa5 Kc6 41. Kb4 b6 42. Kc4 Kc7 43. Kd5 Kd7 44. b4 b5 45. a5 f5 
46. gxf5 Ke7 47. Kxe5 Kf7 48. Kd6 Kg7 49. a6 Kh6 50. a7 Kh5 51. a8=R Kh4 
52. Rg8 Kg3 53. Rxg5+ Kxf3 54. e5 Ke4 55. e6 Kd4 56. f6 Kc4 57. Rxb5 Kxb5 
58. e7 Kxb4 59. e8=R Kc4 60. Re5 Kd4 61. Rh5 Ke4 62. Ke6 Kf4 63. Ra5 Ke4 
64. Ra4+ Kf3 65. Ke5 Kg3 66. Kf5 Kh3 67. Kg5 Kg3 68. Ra3+ Kf2 69. Kf4 Ke2 
70. Rh3 Kd2 71. Ke4 Kc2 72. Kd4 Kb2 73. Kc4 Ka2 74. Kb4 Kb2 75. Rh2+ Kc1 
76. Kc3 Kd1 77. Kd3 Ke1 78. Ra2 Kf1 79. Ke3 Kg1 80. Kf3 Kh1 81. Kg3 Kg1 
82. Ra1# 
{Black checkmated} 1-0

[Event "FICS Team League T30"] 
[Site "FICS, San Jose, California USA"] 
[Date "2006.04.13"] 
[Time "08:55:23"] 
[Round "1"] 
[White "MStav"] 
[Black "twinders"] 
[WhiteElo "1770"] 
[BlackElo "1743"] 
[TimeControl "2700+45"] 
[Mode "ICS"] 
[Result "1/2-1/2"] 

1. d4 d5 2. f4 Nf6 3. Nf3 Bf5 4. e3 Nbd7 5. Nbd2 e6 6. Be2 c5 7. c3 Bd6 
8. O-O O-O 9. Ne5 cxd4 10. cxd4 Qc7 11. Ndf3 Ne4 12. Bd2 Nxd2 13. Qxd2 Nf6 
14. Rac1 Qb6 15. b3 Rac8 16. Bd3 Bxd3 17. Qxd3 Rc7 18. Rc2 Rfc8 19. Rfc1 
Rxc2 20. Rxc2 Rxc2 21. Qxc2 Qc7 
{Game drawn by mutual agreement} 1/2-1/2

[Event "FICS Team League T30"] 
[Site "FICS, San Jose, California USA"] 
[Date "2006.04.13"] 
[Time "11:09:14"] 
[Round "1"] 
[White "Sportsmen"] 
[Black "SerhiyFranchuk"] 
[WhiteElo "2212"] 
[BlackElo "2093"] 
[TimeControl "2700+45"] 
[Mode "ICS"] 
[Result "1-0"] 

1. e4 e5 2. Nf3 Nf6 3. Nxe5 d6 4. Nf3 Nxe4 5. d4 d5 6. Bd3 Be7 7. O-O Nc6 
8. c4 Nb4 9. Be2 O-O 10. Nc3 Bf5 11. a3 Nxc3 12. bxc3 Nc6 13. Re1 Re8 14. Bf4 
Rc8 15. Bd3 Bxd3 16. Qxd3 dxc4 17. Qxc4 Bd6 18. Bg5 Be7 19. Qb5 Bxg5 20. Nxg5 
Qf6 21. Ne4 Qe6 22. Qxb7 f5 23. Nd2 Qxe1+ 24. Rxe1 Rxe1+ 25. Nf1 Ne7 26. f3 
c5 27. d5 Rd8 28. d6 Ng6 29. Qc7 Rf8 30. Qxc5 Ne5 31. Qxa7 Rd1 32. Qe7 Nf7 
33. d7 Rd8 34. Qe8+ 
{Black resigns} 1-0

[Event "FICS Team League T30"] 
[Site "FICS, San Jose, California USA"] 
[Date "2006.04.13"] 
[Time "14:59:35"] 
[Round "1"] 
[White "seberg"] 
[Black "MattBinMi"] 
[WhiteElo "1732"] 
[BlackElo "1623"] 
[TimeControl "2700+45"] 
[Mode "ICS"] 
[Result "1-0"] 

1. e4 c5 2. Nf3 Nc6 3. d4 cxd4 4. Nxd4 Nf6 5. Nc3 e5 6. Nf3 Bb4 7. Bc4 O-O 
8. O-O Bxc3 9. bxc3 Nxe4 10. Ba3 Re8 11. Qd5 Nxc3 12. Qxf7+ Kh8 13. Ng5 
h6 14. Qh5 Qxg5 15. Qxe8+ Kh7 16. Bg8+ Kh8 17. Bf7+ Kh7 18. Qg8# 
{Black checkmated} 1-0

[Event "FICS Team League T30"] 
[Site "FICS, San Jose, California USA"] 
[Date "2006.04.13"] 
[Time "17:55:34"] 
[Round "1"] 
[White "KlassAct"] 
[Black "jgrfilho"] 
[WhiteElo "1421"] 
[BlackElo "1510"] 
[TimeControl "2700+45"] 
[Mode "ICS"] 
[Result "0-1"] 

1. e4 e5 2. Nf3 Nc6 3. Bc4 Bc5 4. Nc3 Nf6 5. O-O O-O 6. d3 h6 7. h3 d6 8. Na4 b6 9. Nxc5 bxc5 10. a3 a5 11. c3 Ba6 12. Ba2 d5 13. exd5 Nxd5 14. Re1 Re8 15. Be3 Nxe3 16. Rxe3 Rb8 17. Qc2 Qd6 18. Rae1 Rbd8 19. d4 cxd4 20. cxd4 Nxd4 21. Nxd4 Qxd4 22. Qxc7 Rd7 23. Qxa5 Qxb2 24. R3e2 Bxe2 {White resigns} 0-1

[Event "FICS Team League T30"] 
[Site "FICS, San Jose, California USA"] 
[Date "2006.04.13"] 
[Time "06:04:21"] 
[Round "1"] 
[White "delirioit"] 
[Black "zcomcon"] 
[WhiteElo "1721"] 
[BlackElo "1690"] 
[TimeControl "2700+45"] 
[Mode "ICS"] 
[Result "0-1"] 

1. e4 e5 2. f4 exf4 3. Nf3 d5 4. exd5 Nf6 5. Nc3 Nxd5 6. Nxd5 Qxd5 7. d4 
Bd6 8. c4 Qe4+ 9. Be2 c6 10. O-O O-O 11. Bd3 Qe7 12. b3 Bg4 13. Bb2 Nd7 
14. Qc2 Nf6 15. Rae1 Qd8 16. Ng5 h6 17. Ne4 Nxe4 18. Bxe4 a5 19. d5 cxd5 
20. Bxd5 Qg5 21. Bxb7 Rae8 22. Rxe8 Rxe8 23. Qd3 Bc5+ 24. Kh1 Be2 25. Qb1 
Bxf1 26. Qxf1 Qe7 27. h3 Qe1 28. Qxe1 Rxe1+ 29. Kh2 Re2 30. Bc1 Rxa2 31. Bxf4 
Rb2 32. Bc7 Rxb3 33. Bc6 Bb6 34. Bd6 Rc3 35. Bb5 f6 36. g4 Kf7 37. Kg2 Ke6 
38. Bf8 Kf7 39. Bd6 g6 40. Ba4 h5 41. Bb5 hxg4 42. hxg4 Ke6 43. Bf8 Ba7 
44. Bg7 Bb8 45. Ba6 Rg3+ 46. Kf1 Rxg4 47. Bc8+ Kf7 48. Bxg4 Kxg7 49. Bd7 
Kf7 50. Ke2 Ke7 51. Bc6 f5 52. Bd5 g5 53. c5 Kf6 54. c6 Ke5 55. Bb3 g4 56. Kf2 
f4 57. Bd1 g3+ 58. Kf3 Kd4 59. Ba4 Bc7 60. Bd1 Kc5 61. Ba4 Kb4 62. Bc2 a4 
63. Be4 a3 64. Bd5 Kc3 65. Kg2 Kb2 66. Kf3 a2 67. Bxa2 Kxa2 68. Kg2 Kb3 
69. Kf3 Kc4 70. Kg2 Kc5 71. Kf3 Kxc6 72. Kg2 Kd5 73. Kf3 Kd4 74. Kg2 Ke3 
75. Kf1 f3 76. Kg1 Ke2 77. Kh1 f2 78. Kg2 f1=Q# 
{White checkmated} 0-1

[Event "FICS Team League T30"] 
[Site "FICS, San Jose, California USA"] 
[Date "2006.04.13"] 
[Time "04:28:20"] 
[Round "1"] 
[White "jestrada"] 
[Black "yonailo"] 
[WhiteElo "1805"] 
[BlackElo "1776"] 
[TimeControl "2700+45"] 
[Mode "ICS"] 
[Result "0-1"] 

1. e4 e5 2. f4 d6 3. Nf3 Nc6 4. Bc4 Be7 5. O-O Nf6 6. Nc3 O-O 7. d4 Bg4 
8. fxe5 dxe5 9. d5 Nd4 10. Be3 Bc5 11. Qd3 Nxf3+ 12. Rxf3 Bxe3+ 13. Rxe3 
Nh5 14. Rf1 Nf4 15. Qd2 Qg5 16. Rg3 Nh3+ 17. gxh3 Qxd2 18. Rxg4 Qd4+ 19. Kh1 
Qxc4 20. Rfg1 g6 21. h4 b5 22. h5 b4 23. Nd1 f5 24. exf5 Qxd5+ 25. R4g2 
Rxf5 26. Ne3 Qe4 27. Nxf5 Qxf5 28. hxg6 hxg6 29. Rxg6+ Kf7 30. Rg7+ Kf6 
31. R7g2 Qf3 
{White resigns} 0-1

[Event "FICS Team League T30"] 
[Site "FICS"] 
[Date "2006.04.14"] 
[Round "1"] 
[White "Cilia"] 
[Black "bsdc"] 
[WhiteElo "1670"] 
[BlackElo "1684"] 
[TimeControl "2700+45"] 
[Result "1/2-1/2"] 

1. Nf3 d5 2. c4 d4 3. d3 Nc6 4. g3 e5 5. Bg2 Bb4+ 6. Bd2 Bxd2+ 7. Qxd2 h6 
8. e3 Nf6 9. exd4 exd4 10. O-O O-O 11. Na3 Bf5 12. Nc2 Qd7 13. b4 Bg4 
14. b5 Bxf3 15. Bxf3 Nd8 16. Rfe1 c5 17. bxc6 Nxc6 18. Nb4 Rab8 
19. Nd5 Nxd5 20. Bxd5 Rfe8 21. Qf4 Rxe1+ 22. Rxe1 Rd8 23. Rb1 b6 
24. Qf3 Rc8 25. Rb5 Rc7 26. Qe4 Kf8 27. Bxc6 Rxc6 28. Rd5 Rd6 
29. Qxd4 Rxd5 30. cxd5 f6 31. Kg2 Ke7 32. Qb4+ Kd8 33. d6 Qc6+ 
34. Kh3 Qd7+ 35. Kg2 Qb7+ 36. f3 Qd5 37. Kf2 Qxa2+ 38. Ke3 Qe6+ 
39. Kd2 Qd7 40. d4 Kc8 41. Qc4+ Kb8 42. Qg8+ Kb7 43. Qd5+ Kb8 
44. Kd3 a5 45. Qg8+ Ka7 46. Qd5 Ka6 47. Qa8+ Kb5 48. Qd5+ Ka6 
49. Qa8+ Kb5 50. Qd5+ Ka6 51. Qa8+ Kb5 52. Qd5+ Ka6 
53. Qa8+ {Game drawn by repetition} 1/2-1/2

[Event "FICS Team League T30"] 
[Site "FICS, San Jose, California USA"] 
[Date "2006.04.14"] 
[Time "10:00:54"] 
[Round "1"] 
[White "dlf"] 
[Black "HyperMagnus"] 
[WhiteElo "2072"] 
[BlackElo "2060"] 
[TimeControl "2700+45"] 
[Mode "ICS"] 
[Result "1-0"] 

1. Nf3 Nf6 2. c4 e6 3. Nc3 b6 4. e4 d6 5. d4 Be7 6. Bd3 Bb7 7. O-O Nbd7 
8. Re1 e5 9. Nd5 O-O 10. b3 Re8 11. Nxe7+ Qxe7 12. d5 Nc5 13. Bc2 a5 14. Nh4 
Nfxe4 15. Rxe4 Nxe4 16. Nf5 Qf6 17. Bxe4 Bc8 18. Qf3 g6 19. Nh6+ Kg7 20. 
Qxf6+ 
Kxf6 21. g4 Kg7 22. g5 f5 23. gxf6+ Kxf6 24. h4 Bd7 25. a4 Rac8 26. Bg5+ 
Kg7 27. f3 Rf8 28. Kf2 Rce8 29. Rg1 Rc8 30. Ng4 Bxg4 31. Rxg4 Rf7 32. h5 
gxh5 33. Rh4 h6 34. Be3 Rh8 35. Rxh5 Rf6 36. Ke2 Kf7 37. f4 Re8 38. f5 Rh8 
39. Bg5 Kg7 40. Bxf6+ Kxf6 41. Ke3 Kg7 42. Bf3 Rf8 43. Ke4 Kh7 44. Rh4 Rf6 
45. Rg4 Rf7 46. Rg1 Rf6 47. Bh5 Kh8 48. Rg6 Rxg6 49. fxg6 Kg8 50. Kf5 Kg7 
51. Bf3 Kf8 52. Kf6 
{Black resigns} 1-0

[Event "FICS Team League T30"] 
[Site "FICS, San Jose, California USA"] 
[Date "2006.04.14"] 
[Time "16:59:14"] 
[Round "1"] 
[White "CelticDeath"] 
[Black "vibi"] 
[WhiteElo "1739"] 
[BlackElo "1680"] 
[TimeControl "2700+45"] 
[Mode "ICS"] 
[Result "1-0"] 

1. e4 c5 2. c3 d5 3. exd5 Qxd5 4. d4 Nc6 5. Nf3 Nf6 6. c4 Qh5 7. dxc5 e5 8. Be2 Bxc5 9. O-O O-O 10. Nc3 Rd8 11. Qc2 Bf5 12. Qb3 e4 13. Ne5 Nd4 14. Bxh5 Nxb3 15. Bxf7+ Kf8 16. axb3 Bd6 17. f4 Bxe5 18. fxe5 Kxf7 19. Rxf5 {Black resigns} 1-0

[Event "FICS Team League T30"] 
[Site "FICS, San Jose, California USA"] 
[Date "2006.04.14"] 
[Time "19:58:58"] 
[Round "1"] 
[White "scandium"] 
[Black "javamanissa"] 
[WhiteElo "1727"] 
[BlackElo "1816"] 
[TimeControl "2700+45"] 
[Mode "ICS"] 
[Result "0-1"] 

1. e4 e5 2. Nc3 Nf6 3. f4 d5 4. fxe5 Nxe4 5. Nf3 Be7 6. d3 Bh4+ 7. g3 Nxg3 8. hxg3 Bxg3+ 9. Ke2 Bg4 10. d4 h5 11. Qd3 Qd7 12. Bg2 Nc6 13. Be3 O-O-O 14. a3 Nxe5 15. Qd2 Nc4 16. Qc1 Rhe8 17. Nd1 Bf4 18. Kf2 Nxe3 {White resigns} 0-1

[Event "FICS Team League T30"] 
[Site "FICS, San Jose, California USA"] 
[Date "2006.04.14"] 
[Time "15:52:53"] 
[Round "1"] 
[White "spendius"] 
[Black "Valiantangel"] 
[WhiteElo "1756"] 
[BlackElo "1874"] 
[TimeControl "2700+45"] 
[Mode "ICS"] 
[Result "1-0"] 

1. e4 c6 2. d4 d5 3. Nc3 dxe4 4. Nxe4 Nd7 5. Nf3 Ngf6 6. Neg5 e6 7. Bc4 
Nb6 8. Bd3 Bd6 9. O-O h6 10. Ne4 Nxe4 11. Bxe4 O-O 12. b3 Nd5 13. c4 Nf6 
14. Bc2 c5 15. Bb2 cxd4 16. Qxd4 Be7 17. Qc3 Qc7 18. Rac1 Rd8 19. Bb1 Bd7 
20. Qc2 Bc6 21. Be5 Qa5 22. Bc3 Qh5 23. Ne5 Be4 24. Qb2 Bxb1 25. Rxb1 Bd6 
26. Rbd1 Ng4 27. Nxg4 Bxh2+ 28. Nxh2 Rxd1 29. Bxg7 Rad8 30. Bh8 Qg6 31. Rxd1 
Rxd1+ 32. Nf1 Qh7 33. Qe2 Rc1 34. Bb2 Rc2 35. Qg4+ Qg6 36. Qd4 Kf8 37. Qd8# 
{Black checkmated} 1-0

[Event "FICS Team League T30"] 
[Site "?"] 
[Date "2006.04.15"] 
[Round "1"] 
[White "Wizeman"] 
[Black "jones"] 
[WhiteElo "2235"] 
[BlackElo "2000"] 
[TimeControl "2700+45"] 
[Result "1-0"] 

1. e4 e5 2. Nf3 Nc6 3. Bc4 Bc5 4. c3 Nf6 5. d4 exd4 6. e5 d5 7. Bb5 Ne4 
8. cxd4 Bb4+ 9. Bd2 Nxd2 10. Bxc6+ bxc6 11. Nbxd2 Ba6 12. a3 Be7 13. Rc1 Qd7 14. b4 O-O 15. Qc2 Qg4 16. Qxc6 Bd3 17. Rc3 Bc4 18. Nxc4 dxc4 19. Rxc4 Qxg2 20. Rg1 Qh3 21. Rg3 Qf5 22. Qh6 g6 23. Rxc7 Bd8 24. Rh3 g5 25. Rg3 Qb1+ 26. Ke2 f6 27. Qg7# 
{black checkmated} 1-0

[Event "FICS Team League T30"] 
[Site "FICS, San Jose, California USA"] 
[Date "2006.04.15"] 
[Time "06:00:18"] 
[Round "1"] 
[White "dzonson"] 
[Black "uiknight"] 
[WhiteElo "1867"] 
[BlackElo "2068"] 
[TimeControl "2700+45"] 
[Mode "ICS"] 
[Result "0-1"] 

1. d4 e6 2. c4 f5 3. Nf3 Nf6 4. g3 b6 5. Bg2 Bb7 6. Nbd2 Be7 7. O-O O-O 
8. e3 a5 9. a4 Na6 10. Ne5 Bxg2 11. Kxg2 Qe8 12. Ndf3 Ne4 13. Rh1 Rf6 14. h4 
Nb4 15. Bd2 Na6 16. Bc3 d6 17. Nd3 Rf8 18. Nf4 Bf6 19. Qe2 c6 20. Ng5 Nc7 
21. Rac1 e5 22. dxe5 dxe5 23. Nfh3 Nc5 24. h5 Nxa4 25. e4 h6 26. Nf3 Qxh5 
27. Nf4 Qe8 28. Nh5 Nxc3 29. Rxc3 f4 30. Nxf6+ Rxf6 31. g4 Ne6 32. Rcc1 
Rd8 33. Rh3 Nd4 34. Nxd4 Rxd4 35. f3 Rfd6 36. Rc2 Qd7 37. Kg1 Rd1+ 38. Kf2 
R1d2 39. Rh1 Rxc2 40. Qxc2 Rd2+ 41. Qxd2 Qxd2+ 42. Kf1 Qxb2 43. Rg1 a4 44. Rg2 
a3 
{White resigns} 0-1

[Event "FICS Team League T30"] 
[Site "freechess.org"] 
[Date "2006.04.15"] 
[Round "1"] 
[White "Anagramm"] 
[Black "lodda"] 
[Result "1-0"] 
[WhiteElo "1980"] 
[BlackElo "1882"] 
[ECO "B18"] 
[TimeControl "2700+45"] 

1. e4 c6 2. d4 d5 3. Nc3 dxe4 4. Nxe4 Bf5 5. Ng3 Bg6 6. Nf3 Nd7 7. Bd3 Qc7 8. 
c3 e6 9. Nh4 Bxd3 10. Qxd3 Be7 11. Nf3 Ngf6 12. O-O c5 13. Be3 O-O 14. Ne4 
Rfd8 15. Nxf6+ Nxf6 16. Qe2 Nd5 17. Rfd1 Nxe3 18. fxe3 Rac8 19. Rf1 cxd4 20. 
exd4 Bf6 21. Rae1 Rd5 22. Nd2 Bh4 23. Rd1 b5 24. Qg4 Qe7 25. g3 Bg5 26. h4 
Be3+ 27. Kh2 b4 28. Ne4 f5 29. Qf3 Bh6 30. Nc5 bxc3 31. bxc3 f4 32. Rde1 
fxg3+ 33. Qxg3 e5 34. Rf5 Bf4 35. Rxf4 exf4 36. Rxe7 fxg3+ 37. Kxg3 a5 38. 
Kg4 h5+ 39. Kf4 g6 40. a4 Rf5+ 41. Ke4 Kf8 42. Re5 Rxe5+ 43. Kxe5 Ke7 44. Ke4 
Kf6 45. Kf4 Rc7 46. c4 Re7 47. Ne4+ Ke6 48. d5+ Kd7 49. c5 Rf7+ 50. Kg5 Rf5+ 
51. Kxg6 Rf4 52. Nf6+ Kc7 53. d6+ Kd8 54. c6 Rxh4 55. c7+ Kc8 56. Nd5 Rg4+ 
57. Kxh5 {black resigns} 1-0

[Event "FICS Team League T30"] 
[Site "FICS, San Jose, California USA"] 
[Date "2006.04.15"] 
[Time "10:06:47"] 
[Round "1"] 
[White "chessviktor"] 
[Black "Niettajean"] 
[WhiteElo "1457"] 
[BlackElo "1523"] 
[TimeControl "2700+45"] 
[Mode "ICS"] 
[Result "1-0"] 

1. e4 e5 2. Nf3 d6 3. c3 Nf6 4. d3 Be7 5. Bg5 Nbd7 6. g3 O-O 7. Bg2 Ne8 
8. Bxe7 Qxe7 9. O-O Nef6 10. Re1 Nc5 11. Qc2 Be6 12. Ng5 h6 13. Nxe6 Nxe6 
14. Nd2 Ng4 15. Qd1 h5 16. h3 Nh6 17. Qxh5 Qg5 18. Qxg5 Nxg5 19. h4 Ne6 
20. Nf3 Nc5 21. Rad1 Na4 22. Rd2 f6 23. d4 c6 24. dxe5 dxe5 25. Rc1 Rfd8 
26. Rcd1 Rxd2 27. Rxd2 Kf8 28. Bh3 Ke7 29. Rd7+ Kf8 30. Rxb7 Nxb2 31. Rxb2 
Rd8 32. Kg2 Nf7 33. Rb7 Nd6 34. Rxa7 Nxe4 35. Rc7 c5 36. c4 Ra8 37. Bf5 
Nd6 38. Be6 Ne4 39. Bd5 Nc3 40. Bxa8 Nxa2 41. Rxc5 Ke7 42. Ra5 Nb4 43. Rb5 
Nd3 44. Rd5 Nb4 45. Rd1 Na6 46. Nd2 Kd6 47. Ne4+ Kc7 48. Bd5 f5 49. Ng5 
g6 50. Ne6+ Kb6 51. Rc1 Nc5 52. Nxc5 Kxc5 53. Bf7 Kd4 54. Rd1+ Kc5 55. f3 
e4 56. fxe4 fxe4 57. Bxg6 e3 58. Bd3 Kd4 59. Be2+ Kc5 60. Kf3 
{Black resigns} 1-0

[Event "FICS Team League T30"] 
[Site "FICS, San Jose, California USA"] 
[Date "2006.04.15"] 
[Time "13:01:20"] 
[Round "1"] 
[White "hugozver"] 
[Black "Pawns"] 
[WhiteElo "1920"] 
[BlackElo "1968"] 
[TimeControl "2700+45"] 
[Mode "ICS"] 
[Result "1/2-1/2"] 

1. e4 Nf6 2. e5 Nd5 3. c4 Nb6 4. c5 Nd5 5. Nc3 e6 6. d4 Nxc3 7. bxc3 b6 
8. cxb6 axb6 9. Nf3 Bb7 10. Bd3 Be7 11. O-O Nc6 12. Qe2 d6 13. exd6 Qxd6 
14. Bd2 O-O 15. Rfe1 Rfd8 16. Qe4 g6 17. Qg4 e5 18. Nxe5 Nxe5 19. Rxe5 c5 
20. Bh6 Bf6 21. Ree1 cxd4 22. c4 Qa3 23. Qf4 Qd6 24. Re2 Bg7 25. Re8+ Rxe8 
26. Qxd6 Bxh6 27. Qxb6 Rab8 28. Rd1 Bxg2 29. Qxd4 Bf3 30. Qh4 Bxd1 31. Qxh6 
Bf3 
{Game drawn by mutual agreement} 1/2-1/2

[Event "FICS Team League T30"] 
[Site "FICS, San Jose, California USA"] 
[Date "2006.04.14"] 
[Time "15:06:41"] 
[Round "1"] 
[White "ymy"] 
[Black "hugozver"] 
[WhiteElo "1821"] 
[BlackElo "1905"] 
[TimeControl "2700+45"] 
[Mode "ICS"] 
[Result "0-1"] 

1. e4 Nf6 2. e5 Nd5 3. d4 d6 4. c4 Nb6 5. exd6 exd6 6. Nc3 Be7 7. h3 O-O 
8. Nf3 Bf5 9. Be2 Bf6 10. O-O Nc6 11. Bf4 Re8 12. Rc1 a6 13. Re1 Rc8 14. d5 
Ne5 15. Nd4 Bg6 16. b3 h6 17. Bh2 Bh4 18. g3 Bf6 19. f4 Ned7 20. Nf3 Nc5 
21. b4 Ne4 22. Nxe4 Bxe4 23. Bd3 Bxd3 24. Qxd3 Qd7 25. g4 Rxe1+ 26. Rxe1 
Re8 27. Rd1 Na4 28. Qf1 Nc3 29. Rd2 Qe7 30. Qd3 Qe3+ 31. Qxe3 Rxe3 32. Kf2 
Re4 33. g5 hxg5 34. fxg5 Be5 35. Nxe5 dxe5 36. c5 Rxb4 37. d6 cxd6 38. cxd6 
Ne4+ 
{White resigns} 0-1

[Event "FICS Team League T30"] 
[Site "FICS, San Jose, California USA"] 
[Date "2006.04.15"] 
[Time "03:05:19"] 
[Round "1"] 
[White "wekabird"] 
[Black "Eshin"] 
[WhiteElo "1440"] 
[BlackElo "1569"] 
[TimeControl "2700+45"] 
[Mode "ICS"] 
[Result "0-1"] 

1. c4 e5 2. e4 c5 3. Nf3 Nc6 4. g3 g6 5. Bg2 Bg7 6. O-O Nge7 7. h3 d6 8. Nc3 
O-O 9. d3 f5 10. Bg5 h6 11. Bxe7 Nxe7 12. a4 a6 13. Rb1 Nc6 14. Nd5 Nd4 
15. Nxd4 cxd4 16. b4 fxe4 17. dxe4 b6 18. Qd2 Bd7 19. a5 b5 20. Rbc1 bxc4 
21. Rxc4 Bb5 22. Nb6 Bxc4 23. Nxc4 Rc8 24. Qa2 Kh8 25. Nb6 Rc3 26. Nd5 Rc6 
27. Rb1 Qd7 28. Nb6 Qc7 29. Kh2 Rc2 30. Qe6 Rcxf2 31. Nd5 Rxg2+ 32. Kxg2 
Qc2+ 33. Kg1 Qxb1+ 34. Kg2 Qf1+ 35. Kh2 Rf2# 
{White checkmated} 0-1

[Event "FICS Team League T30"] 
[Site "FICS, San Jose, California USA"] 
[Date "2006.04.15"] 
[Time "09:32:43"] 
[Round "1"] 
[White "GadsHill"] 
[Black "ccucina"] 
[WhiteElo "1705"] 
[BlackElo "1669"] 
[TimeControl "2700+45"] 
[Mode "ICS"] 
[Result "0-1"] 

1. d4 d5 2. c4 Nf6 3. cxd5 Nxd5 4. Nf3 Nc6 5. e4 Nb6 6. d5 Nb8 7. Nc3 e6 
8. Bb5+ c6 9. dxc6 Qxd1+ 10. Kxd1 Nxc6 11. Bxc6+ bxc6 12. Ke2 Be7 13. Rd1 
O-O 14. Kf1 Bf6 15. Bd2 Nc4 16. Rab1 Ba6 17. Kg1 Rfd8 18. b3 Nxd2 19. Nxd2 
Bxc3 20. Nc4 Rxd1+ 21. Rxd1 Bxc4 22. bxc4 c5 
{White resigns} 0-1

[Event "FICS Team League T30"] 
[Site "FICS, San Jose, California USA"] 
[Date "2006.04.15"] 
[Time "19:56:59"] 
[Round "1"] 
[White "Woodchuck"] 
[Black "Aul"] 
[WhiteElo "1659"] 
[BlackElo "1577"] 
[TimeControl "2700+45"] 
[Mode "ICS"] 
[Result "0-1"] 

1. d4 d6 2. Nf3 g6 3. c4 b6 4. e4 Nd7 5. Nc3 Bg7 6. Be2 e5 7. d5 h6 8. O-O 
Ne7 9. Be3 f5 10. exf5 Nxf5 11. Nd2 O-O 12. Nde4 Nxe3 13. fxe3 Bb7 14. Bd3 
Nf6 15. Qc2 Qe7 16. Nxf6+ Rxf6 17. Bxg6 Raf8 18. Bh7+ Kh8 19. Rxf6 Qxf6 
20. Ne4 Qh4 21. Ng3 Bc8 22. Nf5 Bxf5 23. Bxf5 Qg5 24. e4 Qe3+ 25. Qf2 Qf4 
26. g3 Qxf2+ 27. Kxf2 Rb8 28. a4 Bf6 29. Rh1 a6 30. Kf3 b5 31. axb5 axb5 
32. b3 bxc4 33. bxc4 Rb3+ 34. Kg4 Rc3 35. Kh5 Kg7 36. h4 Rxc4 37. g4 Rc2 
38. g5 hxg5 39. hxg5 Bd8 40. g6 Rg2 41. Rh3 Rg5+ 42. Kh4 Rxf5+ 43. Kg4 Rf4+ 
44. Kg3 Rxe4 
{White resigns} 0-1